 Dungeon Crawl Stone Soup version 0.16.2-3-ga078185 (webtiles) character file.

476 gorblad the Sneak (level 6, -4/47 HPs)
             Began as a Vampire Assassin on Sept 8, 2015.
             Was a Follower of Nemelex Xobeh.
             Slain by Duvessa
             ... wielding a +0 short sword
              (6 damage)
             ... on level 4 of the Dungeon.
             The game lasted 00:14:19 (3549 turns).

gorblad the Sneak (Vampire Assassin)                Turns: 3549, Time: 00:14:20

Health: -4/47      AC:  6    Str: 10    XL:     6   Next: 84%
Magic:  6/6        EV: 13    Int: 13    God:    Nemelex Xobeh [*.....]
Gold:   139        SH:  0    Dex: 17    Spells: 0 memorised, 5 levels left

rFire  . . .     SeeInvis +     h - +4 spear
rCold  . . .     Clarity  .     p - +2 leather armour {MR+}
rNeg   + . .     SustAb   .     (no shield)
rPois  .         Gourm    .     (no helmet)
rElec  .         Spirit   .     (no cloak)
rCorr  .         Warding  .     (no gloves)
rMut   .         Stasis   .     r - +0 pair of boots
MR     +....                    (no amulet)
Stlth  ++++......               (no ring)
                                y - ring of flight

@: somewhat resistant to hostile enchantments, stealthy
A: bottle blood, fangs 3, see invisible, unbreathing
a: Bat Form, Renounce Religion, Evoke Flight


You were on level 4 of the Dungeon.
You worshipped Nemelex Xobeh.
Nemelex Xobeh was aware of your devotion.
You were not thirsty.

You visited 1 branch of the dungeon, and saw 4 of its levels.

You collected 139 gold pieces.

Inventory:

Hand weapons
 h - a +4 spear (weapon)
Armour
 p - a +2 leather armour of magic resistance (worn)
 r - a +0 pair of boots (worn)
Jewellery
 y - a ring of flight (left hand)
Scrolls
 i - a scroll of remove curse
 l - a scroll of fog
 m - a scroll of teleportation
Potions
 g - 8 potions of blood
 k - a potion of resistance {unknown}
 o - 2 potions of curing {unknown}
 q - a potion of agility {unknown}
 t - a potion of heal wounds {unknown}
 u - a potion of poison {unknown}
Miscellaneous
 n - a plain deck of war {drawn: 1}
 s - a plain deck of destruction {drawn: 1}


   Skills:
 + Level 3.1 Fighting
   Level 2.1 Short Blades
 * Level 3.5 Polearms
 + Level 2.5 Throwing
 + Level 3.4 Dodging
 + Level 7.7 Stealth


You had 5 spell levels left.
You didn't know any spells.

Dungeon Overview and Level Annotations

Branches:
Dungeon (4/15)
 Temple: D:4-7

Altars:
Nemelex Xobeh
Sif Muna
Trog
Vehumet

Annotations:
D:4 2 runed doors, Duvessa


Innate Abilities, Weirdness & Mutations

You can bottle blood from corpses.
You have razor-sharp teeth.
You have supernaturally acute eyesight.
You can survive without breathing.


Message History

You kill Dowan!
Duvessa weeps, then rights herself and shakes her weapon.
Duvessa goes berserk!
Duvessa hits you with a short sword!
* * * LOW HITPOINT WARNING * * *
Duvessa hits you with a short sword.
* * * LOW HITPOINT WARNING * * *
You closely miss Duvessa.
Duvessa is lightly wounded.
Duvessa misses you.
You closely miss Duvessa.
Duvessa is lightly wounded.
Duvessa barely misses you.
You hit Duvessa.
Duvessa is lightly wounded.
Duvessa hits you but does no damage.
You hit Duvessa.
Duvessa is moderately wounded.
Duvessa hits you with a short sword.
You die...
Your body glows slightly and disappears.

............#..........
#..##.......#..........
##......###'###.....
+.......##...##.....
#.............+.....
##............#.....
.##+###..(...##...##.....
........)....##...##.....
......(e@................
.....###+##+###..........
##. #...###+##' ..# #.<.#
#.. #....#. .....# +..
#....#.......+ #..
#....#..##...# #..
#....#..##...# ...
#....#..+ ...+ ....


You could see Duvessa (berserk).

Vanquished Creatures
  Sigmund (D:4)
  A big kobold (D:3)
  The ghost of gorblad the Sneak, an average VSAs (D:3)
  A scorpion (D:4)
  Dowan (D:4)
  An orc wizard (D:3)
  Ijyb (D:3)
  5 adders
  A giant mite (D:3)
  2 giant geckos
  13 orcs
  5 bats
  5 hobgoblins
  A quokka (D:3)
  8 giant newts
  12 goblins
  6 jackals
  6 kobolds
  8 rats
79 creatures vanquished.

Notes
Turn   | Place    | Note
--------------------------------------------------------------
     0 | D:1      | gorblad, the Vampire Assassin, began the quest for the Orb.
     0 | D:1      | Reached XP level 1. HP: 16/16 MP: 1/1
    45 | D:1      | Reached skill level 6 in Stealth
   519 | D:1      | Reached XP level 2. HP: 22/22 MP: 2/2
   990 | D:2      | Found a radiant altar of Vehumet.
   990 | D:2      | Found a deep blue altar of Sif Muna.
  1083 | D:2      | Reached skill level 1 in Polearms
  1151 | D:2      | Reached XP level 3. HP: 15/27 MP: 3/3
  1698 | D:2      | Found a sparkling altar of Nemelex Xobeh.
  1736 | D:2      | Became a worshipper of Nemelex Xobeh the Trickster
  2079 | D:3      | Noticed gorblad's ghost (average VSAs)
  2081 | D:3      | Noticed Ijyb
  2093 | D:3      | Killed gorblad's ghost
  2093 | D:3      | Reached XP level 4. HP: 26/34 MP: 4/4
  2116 | D:3      | Killed Ijyb
  2116 | D:3      | Reached XP level 5. HP: 19/39 MP: 5/5
  2329 | D:3      | Received a gift from Nemelex Xobeh
  2519 | D:3      | Found a bloodstained altar of Trog.
  2731 | D:3      | Reached skill level 7 in Stealth
  2970 | D:3      | Reached XP level 6. HP: 43/46 MP: 6/6
  3439 | D:4      | Received a gift from Nemelex Xobeh
  3479 | D:4      | Noticed Sigmund
  3492 | D:4      | Killed Sigmund
  3515 | D:4      | Found a large runed door.
  3515 | D:4      | Found a large runed door.
  3530 | D:4      | Noticed Dowan
  3531 | D:4      | Noticed Duvessa
  3545 | D:4      | Killed Dowan
  3545 | D:4      | HP: 1/47 [Duvessa/short sword (4)]
  3549 | D:4      | Slain by Duvessa

Action                   |  1- 3 |  4- 6 || total
-------------------------+-------+-------++-------
Melee: Spear             |    83 |   171 ||   254
       Dagger            |     4 |       ||     4
       Unarmed           |       |    57 ||    57
Throw: Tomahawk          |       |    11 ||    11
 Abil: End Transformatio |       |     1 ||     1
       Bat Form          |       |     1 ||     1
Evoke: Deck              |       |     2 ||     2
  Use: Potion            |     2 |     2 ||     4
       Scroll            |     7 |     4 ||    11
 Stab: Sleeping          |     8 |     9 ||    17
       Distracted        |     1 |       ||     1
  Eat: Corpse            |     2 |     2 ||     4
